 Dungeon Crawl Stone Soup version 0.29-a0-876-gfc89b1a5bd (webtiles) character file.

Game seed: 12719675726494789792

73 buhh the Changer (level 4, -3/35 HPs)
             Began as a Meteoran Transmuter on July 19, 2022.
             Slain by Natasha (6 damage)
             ... on level 3 of the Dungeon.
             The game lasted 00:02:44 (1763 turns).

buhh the Changer (Meteoran Transmuter)              Turns: 1763, Time: 00:02:45

Health: -3/35      AC:  2    Str: 12    XL:     4   Next: 81%
Magic:  9/9        EV: 12    Int: 16    God:
Gold:   61         SH:  0    Dex: 14    Spells: 1/8 levels left

rFire   . . .      SeeInvis .     - Unarmed
rCold   . . .      Faith    .   (no shield)
rNeg    . . .      Spirit   .   i - +0 robe
rPois   .          Reflect  .   (no helmet)
rElec   .          Harm     .   (no cloak)
rCorr   .          Rampage  .   (no gloves)
Will    .....                   (no boots)
Stlth   +.........              (no amulet)
HPRegen 0.11/turn               (no ring)
MPRegen 0.11/turn               (no ring)

@: glowing
A: sense surroundings 1, otherworldly, glowing, explore regen
a: no special abilities


You were on level 3 of the Dungeon.
You visited 1 branch of the dungeon, and saw 4 of its levels.

You collected 61 gold pieces.

Inventory:

Missiles
 j - 5 poisoned darts
Armour
 i - a +0 robe (worn)
Scrolls
 b - a scroll of blinking {!d}
 c - 4 scrolls of teleportation {!d!d}
 d - a scroll of magic mapping {!d}
 l - a scroll of immolation {!r}
Potions
 a - a potion of invisibility {unknown}
 e - 2 potions of degeneration {unknown}
 f - a potion of berserk rage {unknown}
 g - a potion of heal wounds {unknown}
 h - 2 potions of brilliance {unknown}
 k - a potion of attraction {unknown}
 n - 2 potions of lignification {!d}


   Skills:
 - Level 1.1 Fighting
 - Level 2.4 Dodging
 - Level 3.6 Unarmed Combat
 - Level 2.6 Spellcasting
 * Level 4.1 Transmutations
 * Level 2.8 Ice Magic


You had one spell level left.
You knew the following spells:

 Your Spells              Type           Power      Damage    Failure   Level
a - Beastly Appendage     Tmut           30%        N/A       3%          1
b - Wereblood             Tmut           15%        N/A       5%          2
d - Ice Form              Ice/Tmut       13%        N/A       43%         4

Your spell library contained the following spells:

 Spells                   Type           Power      Damage    Failure   Level
 Spider Form              Tmut/Pois      8%         N/A       26%         3
 Tukima's Dance           Hex            2%         N/A       50%         3
 Passage of Golubria      Tloc           2%         N/A       88%         4
 Yara's Violent Unravell  Hex/Tmut       4%         3d4       93%         5


Dungeon Overview and Level Annotations

Branches:
Dungeon (4/15) Zot: 646
 Temple: D:4-7

Altars:
Xom

Annotations:
D:3 Natasha


Innate Abilities, Weirdness & Mutations

You passively map a small area around you.
You are easily found by Zot.
You glow in the dark.
You regain HP and MP as you explore.


Message History

Natasha is moderately wounded.
Natasha mumbles some strange words.
You barely miss Natasha.
Natasha is moderately wounded.
The goblin hits you but does no damage. Natasha barely misses you.
You barely miss Natasha. Your kick misses Natasha.
Natasha is moderately wounded.
The goblin closely misses you. Natasha closely misses you.
You barely miss Natasha. Your kick misses Natasha.
Natasha is moderately wounded.
The shadow imp closely misses you. The goblin hits you with a +0 club.
Natasha claws you!
You hit Natasha but do no damage. Your kick misses Natasha.
Natasha is moderately wounded.
The shadow imp barely misses you. The goblin barely misses you.
Natasha claws you.
You barely miss Natasha. You claw Natasha.
Natasha is moderately wounded.
The shadow imp gestures at you.
You struggle to resist.
The goblin completely misses you. Natasha misses you.
You hit Natasha.
Natasha is heavily wounded.
Your horns disappear.
Your talons disappear.
The shadow imp misses you. The goblin closely misses you.
Natasha claws you but does no damage.
You hit Natasha.
Natasha is severely wounded.
The shadow imp closely misses you. The goblin hits you with a +0 club.
Natasha claws you!
* * * LOW HITPOINT WARNING * * *
You hit Natasha.
Natasha is almost dead.
The shadow imp completely misses you. The goblin hits you but does no damage.
Natasha mumbles some strange words.
You closely miss Natasha.
Natasha is almost dead.
The shadow imp hits you.
* * * LOW HITPOINT WARNING * * *
The goblin barely misses you. Natasha claws you.
You die...

#.........>....###.##.#.
#..#####.#####.†........
, ,
............######.#...#
...##.##.##.# #......
#.##.##.# ,# ###...# * *
........# #...# ,*
#.#####.# #...# ,
###.##.5.5##.# #...# *
,........@h...# #####...#
* ,....#..g##..#
,.........
.........................
.....##.#........<.......
..... #.#.#..#.#####...†.
*#### *#<#....#.# #.....
#.#..#.# # #.....
#.#..#<# #..... * *
#........# #.....


You could see Natasha, 2 shadow imps and a goblin.

Vanquished Creatures
  2 adders
  2 dart slugs
  3 worms
  2 endoplasms (D:2)
  2 giant cockroaches
  2 goblins
  7 hobgoblins
  2 quokkas (D:1)
  2 ball pythons (D:3)
  7 bats
  A frilled lizard (D:2)
  7 kobolds
  4 rats
43 creatures vanquished.

Notes
Turn   | Place    | Note
-------+----------+-------------------------------------------
     0 | D:1      | buhh the Meteoran Transmuter began the quest for the Orb.
     0 | D:1      | Reached XP level 1. HP: 16/16 MP: 5/5
    59 | D:1      | Reached XP level 2. HP: 17/23 MP: 4/6
    72 | D:1      | Reached skill level 1 in Ice Magic
   132 | D:1      | Reached skill level 3 in Transmutations
   267 | D:1      | Reached XP level 3. HP: 26/28 MP: 6/8
   503 | D:1      | Glimpsed the power of Zot.
   994 | D:2      | Reached XP level 4. HP: 32/35 MP: 9/9
  1553 | D:3      | Found a shimmering altar of Xom.
  1562 | D:3      | Reached skill level 4 in Transmutations
  1637 | D:4      | Learned a level 4 spell: Ice Form
  1640 | D:4      | Learned a level 2 spell: Wereblood
  1747 | D:3      | Noticed Natasha
  1763 | D:3      | Slain by Natasha

Illustrated notes

Levels and vault maps discovered:
D:1:      dpeg_arrival_morbid_curiosity, layout_loops_corners, nicolae_titane
D:2:      layout_basic, st_stairs_3
D:3:      layout_loops_cross, mainiacjoe_overflow_catwalk, moated_statue,
          uniq_natasha
D:4:      layout_basic, kennysheep_generic_room_6

Skill      XL: |  1  2  3  4 |
---------------+-------------+-----
Ice Magic      | 1 2 |  2.8
Transmutations | 3 4 |  4.1
Fighting       | |  1.1
Dodging        | |  2.4
Unarmed Combat | |  3.6
Spellcasting   | |  2.6

Action                   |  1- 3 |  4- 6 || total
-------------------------+-------+-------++-------
Melee: Unarmed           |    89 |    50 ||   139
       Kick              |    20 |     9 ||    29
       Punch             |     2 |     2 ||     4
       Headbutt          |     6 |     5 ||    11
 Cast: Beastly Appendage |    20 |     9 ||    29
  Use: Scroll            |       |     4 ||     4
Armor: Robe              |    43 |    11 ||    54
Dodge: Dodged            |    70 |    34 ||   104

Table legend: (Time is in decaauts)
 A = Elapsed time spent in this place.
 B = Non-inter-level travel time spent in this place.
 C = Inter-level travel time spent in this place.
 D = Time resting spent in this place.
 E = Time spent auto-exploring this place.
 F = Levels seen in this place.
 G = Mean time per level.
                   A        B        C        D        E       F      G
               +--------+--------+--------+--------+--------+-----+--------+
         Total |   1753 |   1647 |    106 |      0 |   1164 |   4 |  438.2 |
       Dungeon |   1753 |   1647 |    106 |      0 |   1164 |   4 |  438.2 |
               +--------+--------+--------+--------+--------+-----+--------+

Top non-repeatable levels by time:
     D:2: 846 daAuts
     D:1: 530 daAuts
     D:3: 356 daAuts
     D:4: 20 daAuts
